 Dungeon Crawl Stone Soup version 0.27.1-1-g398f81649c (webtiles) character file.

Game seed: 7193798811914867685

1365 nxtlvl the Grappler (level 8, -3/75 HPs)
             Began as a Troll Abyssal Knight on Sept 5, 2021.
             Was a Believer of Lugonu.
             Slain by a gnoll sergeant (10 damage)
             ... in a bailey.
             The game lasted 00:10:44 (1163 turns).

nxtlvl the Grappler (Troll Abyssal Knight)          Turns: 1163, Time: 00:10:45

Health: -3/75      AC:  6    Str: 21    XL:     8   Next: 38%
Magic:  9/9        EV:  9    Int: 10    God:    Lugonu [**....]
Gold:   105        SH:  0    Dex:  9    Spells: 7/7 levels left

rFire    + + .     SeeInvis +     - Unarmed
rCold    + + .     Faith    .   (no shield)
rNeg     . . .     Spirit   .   a - +2 robe {rC+ rF+}
rPois    +         Reflect  .   (helmet restricted)
rElec    +         Harm     .   (no cloak)
rCorr    +         Rampage  .   (gloves unavailable)
Will     .....                  (boots unavailable)
Stlth    +.........             (no amulet)
HPRegen  1.22/turn              i - ring of see invisible
MPRegen  0.11/turn              (no ring)

@: brilliant, resistant, flying
A: large, unfitting armour, claws 3, regeneration 1, shaggy fur 1, tough skin 1
a: Renounce Religion, Depart the Abyss, Bend Space


You were in a bailey.
You worshipped Lugonu.
Lugonu was pleased with you.
You visited 1 branch of the dungeon, and saw 9 of its levels.
You visited the Abyss 1 time.
You also visited: Bailey.

You collected 105 gold pieces.

Inventory:

Hand Weapons
 n - a +0 spear
Missiles
 c - 19 poisoned darts (quivered)
 l - 19 sling bullets
 o - 3 throwing nets
Armour
 a - a +2 robe of resistance (worn)
 k - +0 acid dragon scales
Jewellery
 i - a ring of see invisible (left claw)
Wands
 b - a wand of digging (4)
Scrolls
 d - 2 scrolls of teleportation {unknown}
 m - a scroll of identify {unknown}
Potions
 f - a potion of brilliance


   Skills:
 + Level 3.4 Fighting
 + Level 2.4 Throwing
 - Level 1.9 Dodging
 * Level 9.1 Unarmed Combat
 + Level 3.0 Invocations


You had 7 spell levels left.
You didn't know any spells.
Your spell library contained the following spells:

 Spells                   Type           Power      Damage    Failure   Level
 Corona                   Hex            0%         N/A       36%         1
 Pain                     Necr           0%         1d4       36%         1
 Summon Small Mammal      Summ           0%         N/A       36%         1


Dungeon Overview and Level Annotations

Branches:
Dungeon (9/15)             Bailey (1/1)
 Temple: D:4-7         Lair: D:8-11         Orc: D:9-12

Altars:
Kikubaaqudgha


Innate Abilities, Weirdness & Mutations

You are too large for most types of armour.
You have claws for hands.
Your natural rate of healing is unusually fast.
You are covered in fur. (AC +1)
You have tough skin. (AC +1)


Message History

You scratch the gnoll but do no damage.
The gnoll is heavily wounded.
The gnoll hits you from afar with a +0 trident!
* * * LOW HITPOINT WARNING * * *
The gnoll hits you but does no damage.
The gnoll sergeant hits you from afar with a +0 halberd.
* * * LOW HITPOINT WARNING * * *
The gnoll hits you but does no damage.
The gnoll shaman calls upon its god to heal the gnoll sergeant.
The gnoll sergeant is healed somewhat.
It was a potion of brilliance.
You feel clever all of a sudden.
The gnoll hits you from afar with a +0 trident!
* * * LOW HITPOINT WARNING * * *
The gnoll hits you but does no damage.
The gnoll sergeant completely misses you.
The gnoll hits you from afar with a +0 trident.
* * * LOW HITPOINT WARNING * * *
The gnoll barely misses you. The gnoll closely misses you.
There is a gate leading back out of this place, spattered with blood here.
It was a potion of resistance.
You feel protected.
It was a potion of flight.
You feel very buoyant.
You fly up into the air.
The gnoll sergeant hits you from afar with a +0 halberd.
* * * LOW HITPOINT WARNING * * *
As you read the scroll labelled YPPUNN OXYTHRO, it crumbles to dust.
The scroll dissolves into smoke.
It was a scroll of fog.
The gnoll sergeant hits you from afar with a +0 halberd.
* * * LOW HITPOINT WARNING * * *
Throw: large rock
Press: ? - help, Q - select action, (/) - cycle Shift-Dir - straight line, f - gnoll sergeant
Aim: a gnoll sergeant, wielding a +0 halberd and wearing a +0 plate armour (purple smoke, moderately wounded, 72% to hit)
You throw a large rock. The large rock hits the gnoll sergeant.
The gnoll sergeant is heavily wounded.
The gnoll sergeant hits you from afar with a +0 halberd.
* * * LOW HITPOINT WARNING * * *
The gnoll sergeant hits you from afar with a +0 halberd!
You die...

♣≈≈...............≈
♣♣≈≈≈≈≈≈≈...≈≈≈≈≈≈≈
♣♣...............♣
♣♣♣...........♣♣♣
♣♣....g..♣♣♣♣
♣♣♣♣ggg♣♣ ♣♣g♣♣ ♣§♣
♣@♣ ###


You could see a gnoll sergeant.

Vanquished Creatures
  Maggie (D:9)
  A hornet (D:9)
  A water moccasin (D:5)
  A sky beast (D:5)
  An ice beast (D:6)
  An ogre (D:5)
  A scorpion (D:5)
  A gnoll sergeant (Bailey)
  A howler monkey (D:6)
  A centaur zombie (D:9)
  An orc priest (D:9)
  3 hounds
  3 orc wizards
  A howler monkey zombie (D:4)
  A howler monkey skeleton (D:7)
  5 gnolls
  2 adders
  An adder zombie (D:5)
  A worm (D:2)
  10 orcs
  A giant cockroach (D:4)
  3 goblins
  A hobgoblin (D:2)
  A quokka (D:1)
  4 ball pythons
  A bat (D:3)
  2 frilled lizards (D:1)
  A rat (D:1)
52 creatures vanquished.

Vanquished Creatures (others)
  A human (D:4)
1 creature vanquished.

Grand Total: 53 creatures vanquished

Notes
Turn   | Place    | Note
-------+----------+-------------------------------------------
     0 | Abyss:1  | nxtlvl the Troll Abyssal Knight began the quest for the
                  | Orb.
     0 | Abyss:1  | Reached XP level 1. HP: 22/22 MP: 1/1
    12 | D:1      | Escaped the Abyss
    85 | D:2      | Reached skill level 3 in Unarmed Combat
    85 | D:2      | Reached XP level 2. HP: 27/29 MP: 2/2
   180 | D:4      | Reached XP level 3. HP: 36/36 MP: 3/3
   218 | D:4      | Found an ancient bone altar of Kikubaaqudgha.
   218 | D:4      | Noticed a human
   222 | D:4      | Killed a human
   251 | D:4      | Reached skill level 4 in Unarmed Combat
   260 | D:4      | Reached ** piety under Lugonu
   306 | D:5      | Entered Level 5 of the Dungeon
   313 | D:5      | Reached XP level 4. HP: 31/44 MP: 4/4
   349 | D:5      | Noticed a sky beast
   421 | D:5      | Killed a sky beast
   422 | D:5      | Reached skill level 5 in Unarmed Combat
   422 | D:5      | Reached XP level 5. HP: 38/50 MP: 5/5
   445 | D:6      | Noticed an ice beast
   453 | D:6      | Killed an ice beast
   454 | D:6      | Reached skill level 6 in Unarmed Combat
   454 | D:6      | Reached XP level 6. HP: 51/59 MP: 6/6
   463 | D:6      | Got Tickor's Introduction to Magic
   583 | D:5      | Reached skill level 7 in Unarmed Combat
   631 | D:5      | Noticed a water moccasin
   646 | D:5      | Killed a water moccasin
   647 | D:5      | Reached XP level 7. HP: 47/66 MP: 7/7
   663 | D:5      | Reached skill level 8 in Unarmed Combat
   870 | D:9      | Noticed Maggie
   884 | D:9      | Killed Maggie
   885 | D:9      | Reached skill level 1 in Throwing
   949 | D:9      | Noticed a hornet
   953 | D:9      | Killed a hornet
   954 | D:9      | Reached XP level 8. HP: 75/75 MP: 7/9
  1050 | D:9      | Found a flagged portal.
  1063 | D:9      | Reached skill level 9 in Unarmed Combat
  1074 | Bailey   | Entered a bailey
  1163 | Bailey   | Slain by a gnoll sergeant

Illustrated notes

Levels and vault maps discovered:
D:1:      minmay_arrival_four_loops, layout_basic, basic_ecumenical_altar,
          serial_shops, nicolae_square_shop, shop, shop, shop,
          nicolae_shop_stone
D:2:      layout_loops_ring, minmay_tetromino_i4
D:3:      layout_basic, gammafunk_ghost_cemetery
D:4:      layout_basic, tgw_kikubaaqudgha, kennysheep_small_square
D:5:      layout_cave_pods, serial_shops, nicolae_shop_crystal, uniq_menkaure
D:6:      layout_gridville
D:7:      layout_basic, lemuel_temple_firewalk_a, minmay_hollow_rounded_squares
D:8:      layout_rooms, uniq_prince_ribbit1
D:9:      layout_loops_corners, david_lair_shrubbed, enter_bailey_7, uniq_maggie
Bailey:   bailey_polearm_gnolls_kennysheep, bailey

Skill      XL: |  1  2  3  4  5  6  7  8 |
---------------+-------------------------+-----
Unarmed Combat | 3 4 5 6 7 8 9 |  9.1
Fighting       | 3 |  3.4
Throwing       | 2 |  2.4
Invocations    | 2 3 |  3.0
Dodging        | |  1.9

Action                   |  1- 3 |  4- 6 |  7- 9 || total
-------------------------+-------+-------+-------++-------
Melee: Unarmed           |    55 |    65 |    77 ||   197
       Punch             |       |     2 |     1 ||     3
Throw: Large rock        |       |       |     9 ||     9
  Use: Potion            |       |       |     3 ||     3
       Scroll            |       |       |     1 ||     1
 Stab: Sleeping          |     2 |       |       ||     2
Armor: Robe              |    17 |    22 |    25 ||    64
Dodge: Dodged            |    21 |    31 |    41 ||    93
